| TOP OF THE 1ST |
|
Bristol Pirates batting - Pitching for Washington (APP) Nationals : RHP Nolan Carew
|
|
Pitching: RHP Nolan Carew
|
|
|
Batting: RHB Alex Arzate
|
0-0: Ground out 5-3 (Groundball, 56S, EV 88.1 MPH)
|
|
Batting: RHB Melvin Durland
|
0-0: Swinging Strike 0-1: Ball 1-1: Foul Ball, location: 2F 1-2: Foul Ball, location: 2F 1-2: SINGLE (Groundball, 5L, EV 85.0 MPH) (infield hit)
|
|
Batting: SHB Ronnie Brooks
|
0-0: Called Strike 0-1: Ball 1-1: SINGLE (Line Drive, 5L, EV 104.4 MPH) Melvin Durland to second
|
|
Batting: RHB Ricky Alvarado
|
0-0: Called Strike 0-1: Fly out, F9 (Flyball, 9LS, EV 86.9 MPH)
|
|
Batting: RHB Steve Terres
|
0-0: Ball 1-0: Ball 2-0: Ground out 6-3 (Groundball, 6D, EV 104.4 MPH)
|
| Top of the 1st over - 0 runs, 2 hits, 0 errors, 2 left on base; Bristol 0 - Washington (APP) 0 |
| BOTTOM OF THE 1ST |
|
Washington (APP) Nationals batting - Pitching for Bristol Pirates : RHP Andres Guillen
|
|
Pitching: RHP Andres Guillen
|
|
|
Batting: RHB Taffounnout Kame
|
0-0: Ball 1-0: Fly out, F8 (Flyball, 8RM, EV 82.5 MPH)
|
|
Batting: RHB Er Le
|
0-0: Foul Ball, location: 2F 0-1: Foul Ball, location: 2F 0-2: Ball 1-2: Ball 2-2: Ball 3-2: Fly out, F1 (Line Drive, P, EV 69.4 MPH)
|
|
Batting: RHB Tylor Cyr
|
0-0: Ball 1-0: Called Strike 1-1: Ball 2-1: Ball 3-1: Swinging Strike 3-2: SINGLE (Groundball, 4D, EV 105.0 MPH)
|
|
Batting: RHB Justin Davenport
|
0-0: Ball 1-0: Ball 2-0: Foul Ball, location: 2F 2-1: Swinging Strike 2-2: Ground out 4-3 (Groundball, 4, EV 108.8 MPH)
|
| Bottom of the 1st over - 0 runs, 1 hit, 0 errors, 1 left on base; Bristol 0 - Washington (APP) 0 |
| TOP OF THE 2ND |
|
Bristol Pirates batting - Pitching for Washington (APP) Nationals : RHP Nolan Carew
|
|
Batting: RHB Chris Arroyo
|
0-0: Foul Ball, location: 2F 0-1: Called Strike 0-2: Ball 1-2: Strikes out looking
|
|
Batting: RHB Ryan LeSueur
|
0-0: Ball 1-0: Foul Ball, location: 2F 1-1: Ground out 6-3 (Groundball, 4MS, EV 65.6 MPH)
|
|
Batting: RHB Hidesuke Yoshida
|
0-0: Called Strike 0-1: Foul Ball, location: 2F 0-2: Ball 1-2: Foul Ball, location: 2F 1-2: Ball 2-2: Strikes out swinging
|
| Top of the 2nd over - 0 runs, 0 hits, 0 errors, 0 left on base; Bristol 0 - Washington (APP) 0 |
| BOTTOM OF THE 2ND |
|
Washington (APP) Nationals batting - Pitching for Bristol Pirates : RHP Andres Guillen
|
|
Batting: RHB Xavier Reeves
|
0-0: Ball 1-0: Ball 2-0: Ball 3-0: Base on Balls
|
|
Batting: RHB Justin Van Houten
|
0-0: Called Strike 0-1: Ball Xavier Reeves steals 2nd base (no throw) 1-1: Ground out 6-3 (Groundball, 56, EV 88.1 MPH)
|
|
Batting: RHB Steve Kunselman
|
0-0: Ball 1-0: Ball 2-0: Ball 3-0: Called Strike 3-1: Ground out 5-3 (Groundball, 56, EV 81.2 MPH)
|
|
Batting: RHB Aaron Bateman
|
0-0: Ground out 4-3 (Groundball, 4, EV 83.8 MPH)
|
| Bottom of the 2nd over - 0 runs, 0 hits, 0 errors, 1 left on base; Bristol 0 - Washington (APP) 0 |
| TOP OF THE 3RD |
|
Bristol Pirates batting - Pitching for Washington (APP) Nationals : RHP Nolan Carew
|
|
Batting: SHB Nathan Clement
|
0-0: Ball 1-0: Ball 2-0: Ball 3-0: Base on Balls
|
|
Batting: RHB Alex Arzate
|
0-0: Ball 1-0: Ball 2-0: Called Strike 2-1: Ball 3-1: Foul Ball, location: 2F 3-2: Foul Ball, location: 2F 3-2: Strikes out swinging
|
|
Batting: RHB Melvin Durland
|
0-0: SINGLE (Line Drive, 78S, EV 96.9 MPH) Nathan Clement to second
|
|
Batting: SHB Ronnie Brooks
|
0-0: Swinging Strike 0-1: Foul Ball, location: 2F 0-2: Strikes out swinging
|
|
Batting: RHB Ricky Alvarado
|
0-0: Ball 1-0: SINGLE (Flyball, 78S, EV 90.0 MPH) Nathan Clement to third Melvin Durland to second
|
|
Batting: RHB Steve Terres
|
0-0: Ball 1-0: Ball 2-0: Called Strike 2-1: Foul Ball, location: 2F 2-2: Ball 3-2: Foul Ball, location: 2F 3-2: Strikes out swinging
|
| Top of the 3rd over - 0 runs, 2 hits, 0 errors, 3 left on base; Bristol 0 - Washington (APP) 0 |
| BOTTOM OF THE 3RD |
|
Washington (APP) Nationals batting - Pitching for Bristol Pirates : RHP Andres Guillen
|
|
Batting: SHB Nolan Carew
|
0-0: Reached via error on a dropped throw from 1B, E1 (Groundball, 34, EV 96.2 MPH)
|
|
Batting: RHB Taffounnout Kame
|
0-0: Foul Ball, location: 2F 0-1: Swinging Strike 0-2: Fielders Choice at 2nd, 4-6 (Groundball, 4S, EV 92.5 MPH)
|
|
Batting: RHB Er Le
|
0-0: Ball 1-0: Ball 2-0: Ball 3-0: Base on Balls Taffounnout Kame to second
|
|
Batting: RHB Tylor Cyr
|
0-0: Called Strike 0-1: Foul Ball, location: 2F 0-2: Ball 1-2: Ball 2-2: Fly out, F7 (Line Drive, 78M, EV 88.8 MPH)
|
|
Batting: RHB Justin Davenport
|
0-0: Ball 1-0: Ball 2-0: SINGLE (Groundball, 56D, EV 100.0 MPH) - runner OUT being hit by batted ball. (infield hit)
|
| Bottom of the 3rd over - 0 runs, 1 hit, 1 error, 1 left on base; Bristol 0 - Washington (APP) 0 |
| TOP OF THE 4TH |
|
Bristol Pirates batting - Pitching for Washington (APP) Nationals : RHP Nolan Carew
|
|
Batting: RHB Chris Arroyo
|
0-0: Ground out 5-3 (Groundball, 5S, EV 90.6 MPH)
|
|
Batting: RHB Ryan LeSueur
|
0-0: Ground out 4-3 (Groundball, 4, EV 80.0 MPH)
|
|
Batting: RHB Hidesuke Yoshida
|
0-0: Ball 1-0: Ball 2-0: Ball 3-0: Base on Balls
|
|
Batting: SHB Nathan Clement
|
0-0: Called Strike 0-1: Ball 1-1: Called Strike 1-2: Ball 2-2: Strikes out looking
|
| Top of the 4th over - 0 runs, 0 hits, 0 errors, 1 left on base; Bristol 0 - Washington (APP) 0 |
| BOTTOM OF THE 4TH |
|
Washington (APP) Nationals batting - Pitching for Bristol Pirates : RHP Andres Guillen
|
|
Batting: RHB Xavier Reeves
|
0-0: Swinging Strike 0-1: Swinging Strike 0-2: Foul Ball, location: 2F 0-2: Strikes out swinging
|
|
Batting: RHB Justin Van Houten
|
0-0: SOLO HOME RUN (Flyball, 89XD, EV 109.4 MPH), Distance : 418 ft
|
|
Batting: RHB Steve Kunselman
|
0-0: Bunt for hit to 13S - play at first, batter OUT! 1-3
|
|
Batting: RHB Aaron Bateman
|
0-0: Called Strike 0-1: Ball 1-1: Ground out 5-3 (Groundball, 56, EV 79.4 MPH)
|
| Bottom of the 4th over - 1 run, 1 hit, 0 errors, 0 left on base; Bristol 0 - Washington (APP) 1 |
| TOP OF THE 5TH |
|
Bristol Pirates batting - Pitching for Washington (APP) Nationals : RHP Nolan Carew
|
|
Batting: RHB Alex Arzate
|
0-0: Called Strike 0-1: Ball 1-1: Foul Ball, location: 2F 1-2: Foul Ball, location: 2F 1-2: Ball 2-2: Ground out 3-1 (Groundball, 34S, EV 79.4 MPH)
|
|
Batting: RHB Melvin Durland
|
0-0: Swinging Strike 0-1: Ball 1-1: Ball 2-1: Foul Ball, location: 2F 2-2: Ball 3-2: Foul Ball, location: 2F 3-2: Foul Ball, location: 2F 3-2: Base on Balls
|
|
Pitching: LHP Willie Rivera
|
|
|
Batting: SHB Ronnie Brooks
|
0-0: Called Strike 0-1: Called Strike 0-2: Ball 1-2: Ball 2-2: Foul Ball, location: 2F 2-2: Strikes out swinging
|
|
Batting: RHB Ricky Alvarado
|
0-0: Ball Melvin Durland is caught stealing 2nd base 2-4
|
| Top of the 5th over - 0 runs, 0 hits, 0 errors, 0 left on base; Bristol 0 - Washington (APP) 1 |
| BOTTOM OF THE 5TH |
|
Washington (APP) Nationals batting - Pitching for Bristol Pirates : RHP Andres Guillen
|
|
Batting: SHB Nolan Carew
|
0-0: Called Strike 0-1: Swinging Strike 0-2: Strikes out swinging
|
|
Batting: RHB Taffounnout Kame
|
0-0: Foul Ball, location: 2F 0-1: Ball 1-1: Ground out 6-3 (Groundball, 56, EV 86.9 MPH)
|
|
Batting: RHB Er Le
|
0-0: Ball 1-0: Swinging Strike 1-1: Foul Ball, location: 2F 1-2: Foul Ball, location: 2F 1-2: Foul Ball, location: 2F 1-2: Ball 2-2: Ball 3-2: Base on Balls
|
|
Batting: RHB Tylor Cyr
|
0-0: Foul Ball, location: 2F 0-1: Ground out 6-3 (Groundball, 6M, EV 97.5 MPH)
|
| Bottom of the 5th over - 0 runs, 0 hits, 0 errors, 1 left on base; Bristol 0 - Washington (APP) 1 |
| TOP OF THE 6TH |
|
Bristol Pirates batting - Pitching for Washington (APP) Nationals : LHP Willie Rivera
|
|
Batting: RHB Ricky Alvarado
|
0-0: Ground out 4-3 (Groundball, 4D, EV 107.5 MPH)
|
|
Batting: RHB Steve Terres
|
0-0: Ball 1-0: Ball 2-0: Called Strike 2-1: Called Strike 2-2: Ball 3-2: SINGLE (Groundball, 15S, EV 74.4 MPH) (infield hit)
|
|
Batting: RHB Chris Arroyo
|
0-0: Called Strike 0-1: Ball 1-1: Ball 2-1: Foul Ball, location: 2F 2-2: Strikes out swinging
|
|
Pitching: RHP Matt Norris
|
|
|
Pinch Hitting: LHB Kazuyoshi Ikeda
|
0-0: Ball 1-0: Ball 2-0: Called Strike 2-1: Ball 3-1: Base on Balls Steve Terres to second
|
|
Pinch Hitting: RHB Rusty Trader
|
0-0: Ball 1-0: Foul Ball, location: 2F 1-1: Reaches on Catchers interference Steve Terres to third Kazuyoshi Ikeda to second
|
|
Batting: SHB Nathan Clement
|
0-0: Swinging Strike 0-1: Ball 1-1: Called Strike 1-2: Ball 2-2: Ball 3-2: Ground out U3 (Groundball, 3, EV 91.2 MPH)
|
| Top of the 6th over - 0 runs, 1 hit, 1 error, 3 left on base; Bristol 0 - Washington (APP) 1 |
| BOTTOM OF THE 6TH |
|
Washington (APP) Nationals batting - Pitching for Bristol Pirates : RHP Andres Guillen
|
|
Now in CF: Kazuyoshi Ikeda
|
|
|
Now in RF: Rusty Trader
|
|
|
Batting: RHB Justin Davenport
|
0-0: Ball 1-0: Ball 2-0: Ball 3-0: Called Strike 3-1: Called Strike 3-2: SOLO HOME RUN (Flyball, 78XD, EV 109.4 MPH), Distance : 436 ft
|
|
Batting: RHB Xavier Reeves
|
0-0: Ball 1-0: Called Strike 1-1: Ground out 4-3 (Groundball, 4, EV 105.0 MPH)
|
|
Pitching: RHP Matt Wax
|
|
|
Batting: RHB Justin Van Houten
|
0-0: Foul Ball, location: 2F 0-1: Foul Ball, location: 2F 0-2: Strikes out looking
|
|
Batting: RHB Steve Kunselman
|
0-0: Called Strike 0-1: Ball 1-1: Foul Ball, location: 2F 1-2: Ball 2-2: Ball 3-2: Foul Ball, location: 2F 3-2: Foul Ball, location: 2F 3-2: SOLO HOME RUN (Line Drive, 7D, EV 106.2 MPH), Distance : 415 ft
|
|
Batting: RHB Aaron Bateman
|
0-0: Foul Ball, location: 2F 0-1: Ground out U3 (Groundball, 34, EV 79.4 MPH)
|
| Bottom of the 6th over - 2 runs, 2 hits, 0 errors, 0 left on base; Bristol 0 - Washington (APP) 3 |
| TOP OF THE 7TH |
|
Bristol Pirates batting - Pitching for Washington (APP) Nationals : RHP Matt Norris
|
|
Now at C: Tylor Cyr
|
|
|
Now at 2B: Jason Ewert
|
|
|
Now at 3B: Aaron Bateman
|
|
|
Batting: RHB Alex Arzate
|
0-0: Foul Ball, location: 2F 0-1: Ball 1-1: Swinging Strike 1-2: Foul Ball, location: 2F 1-2: Ball 2-2: SOLO HOME RUN (Flyball, 7D, EV 97.5 MPH), Distance : 399 ft
|
|
Batting: RHB Melvin Durland
|
0-0: Ball 1-0: Swinging Strike 1-1: Ball 2-1: Ball 3-1: Ground out 6-3 (Groundball, 56, EV 90.6 MPH)
|
|
Batting: SHB Ronnie Brooks
|
0-0: Ball 1-0: Foul Ball, location: 2F 1-1: Ball 2-1: Ground out U3 (Groundball, 3S, EV 91.2 MPH)
|
|
Batting: RHB Ricky Alvarado
|
0-0: Ground out 6-3 (Groundball, 6, EV 100.6 MPH)
|
| Top of the 7th over - 1 run, 1 hit, 0 errors, 0 left on base; Bristol 1 - Washington (APP) 3 |
| BOTTOM OF THE 7TH |
|
Washington (APP) Nationals batting - Pitching for Bristol Pirates : RHP Matt Wax
|
|
Batting: SHB Nolan Carew
|
0-0: Ball 1-0: Called Strike 1-1: Ball 2-1: Foul Ball, location: 2F 2-2: Foul Ball, location: 2F 2-2: Ball 3-2: Strikes out swinging
|
|
Batting: RHB Taffounnout Kame
|
0-0: Ball 1-0: Swinging Strike 1-1: Fly out, F8 (Flyball, 8RS, EV 90.6 MPH)
|
|
Batting: RHB Er Le
|
0-0: Ball 1-0: Foul Ball, location: 2F 1-1: Ball 2-1: Called Strike 2-2: Ball 3-2: Fly out, F9 (Flyball, 9LMF, EV 90.0 MPH)
|
| Bottom of the 7th over - 0 runs, 0 hits, 0 errors, 0 left on base; Bristol 1 - Washington (APP) 3 |
| TOP OF THE 8TH |
|
Bristol Pirates batting - Pitching for Washington (APP) Nationals : RHP Matt Norris
|
|
Pitching: RHP Romel Padua
|
|
|
Batting: RHB Steve Terres
|
0-0: Ball 1-0: Ball 2-0: Fly out, F4 (Line Drive, 4D, EV 68.8 MPH)
|
|
Batting: RHB Chris Arroyo
|
0-0: Called Strike 0-1: Fly out, F5 (Line Drive, 5, EV 71.2 MPH)
|
|
Batting: LHB Kazuyoshi Ikeda
|
0-0: Called Strike 0-1: Foul Ball, location: 2F 0-2: Ball 1-2: Foul Ball, location: 2F 1-2: Strikes out swinging
|
| Top of the 8th over - 0 runs, 0 hits, 0 errors, 0 left on base; Bristol 1 - Washington (APP) 3 |
| BOTTOM OF THE 8TH |
|
Washington (APP) Nationals batting - Pitching for Bristol Pirates : RHP Matt Wax
|
|
Batting: RHB Tylor Cyr
|
0-0: Called Strike 0-1: Ball 1-1: Ball 2-1: Ball 3-1: Called Strike 3-2: Fly out, F7 (Flyball, 7, EV 84.4 MPH)
|
|
Batting: RHB Jason Ewert
|
0-0: Ball 1-0: Ball 2-0: Called Strike 2-1: Ball 3-1: Foul Ball, location: 2F 3-2: Strikes out swinging
|
|
Batting: RHB Xavier Reeves
|
0-0: Swinging Strike 0-1: Foul Ball, location: 2F 0-2: Ball 1-2: Strikes out swinging
|
| Bottom of the 8th over - 0 runs, 0 hits, 0 errors, 0 left on base; Bristol 1 - Washington (APP) 3 |
| TOP OF THE 9TH |
|
Bristol Pirates batting - Pitching for Washington (APP) Nationals : RHP Romel Padua
|
|
Pitching: RHP Johnny Hallamore
|
|
|
Batting: RHB Rusty Trader
|
0-0: Ball 1-0: Ball 2-0: Called Strike 2-1: Ball 3-1: Foul Ball, location: 2F 3-2: Base on Balls
|
|
Pinch Hitting: RHB Hector Barajas
|
0-0: Called Strike 0-1: Ball 1-1: Ball 2-1: Ball 3-1: Called Strike 3-2: Strikes out looking
|
|
Batting: RHB Alex Arzate
|
0-0: Foul Ball, location: 2F 0-1: Foul Ball, location: 2F 0-2: Foul Ball, location: 2F 0-2: Ball 1-2: Grounds into double play, 5-4-3 (Groundball, 5L, EV 90.6 MPH)
|
| Top of the 9th over - 0 runs, 0 hits, 0 errors, 0 left on base; Bristol 1 - Washington (APP) 3 |
|